 Dungeon Crawl Stone Soup version 0.25-a0-942-g87a53962fc (webtiles) character file.

Game seed: 9305086509178231145, levelgen mode: deterministic

1682 mortelune the Archer (level 8, -8/70 HPs)
             Began as a Centaur Hunter on May 8, 2020.
             Was an Initiate of Okawaru.
             Mangled by a swamp worm (11 damage)
             ... on level 7 of the Dungeon.
             The game lasted 00:13:58 (8771 turns).

mortelune the Archer (Centaur Hunter)               Turns: 8771, Time: 00:13:58

Health: -8/70      AC:  8    Str: 16    XL:     8   Next: 71%
Magic:  8/8        EV:  9    Int: 10    God:    Okawaru [......]
Gold:   141        SH:  0    Dex: 11    Spells: 7/7 levels left

rFire    x . .     SeeInvis +   b - +4 trident
rCold    + . .     Gourm    .   (no shield)
rNeg     . . .     Faith    .   j - +0 ring mail (curse)
rPois    .         Spirit   .   (no helmet)
rElec    .         Reflect  .   F - +0 cloak
rCorr    .         Harm     .   A - +1 pair of gloves
MR       .....                  (no barding)
Stlth    ..........             (no amulet)
HPRegen  0.21/turn              u - ring of ice
MPRegen  0.11/turn              S - ring of see invisible

@: very slightly contaminated, invisible, very quick
A: large, hooves 3, deformed body, speed 2, tough skin 3
a: Renounce Religion


You were on level 7 of the Dungeon.
You worshipped Okawaru.
Okawaru was noncommittal.
You were not hungry.

You visited 1 branch of the dungeon, and saw 7 of its levels.

You collected 330 gold pieces.
You spent 189 gold pieces at shops.

Inventory:

Hand Weapons
 a - a +1 shortbow
 b - a +4 trident (weapon)
 r - a +1 trident of protection
 D - a +2 vorpal spear
 E - a +0 trident
Missiles
 Q - 82 arrows
Armour
 c - a +0 leather armour
 j - a cursed +0 ring mail (worn)
 z - a +0 ring mail
 A - a +1 pair of gloves (worn)
 F - a +0 cloak (worn)
Jewellery
 l - an uncursed ring of magical power
 u - a ring of ice (left hand)
 C - an uncursed ring of resist corrosion
 S - a ring of see invisible (right hand)
Wands
 p - a wand of flame (15)
Scrolls
 e - a scroll of fear
 k - a scroll of summoning {unknown}
 m - 2 scrolls of enchant armour
 o - a scroll of remove curse
 t - 5 scrolls of teleportation
Potions
 d - 3 potions of heal wounds {unknown}
 g - a potion of degeneration {unknown}
 h - a potion of mutation {unknown}
 n - 3 potions of curing {unknown}
 q - 2 potions of might {unknown}
 s - a potion of invisibility
 v - 4 potions of brilliance
 w - a potion of stabbing {unknown}
 x - a potion of magic {unknown}
Comestibles
 f - 14 rations


   Skills:
 + Level 5.8 Fighting
 * Level 6.9 Polearms
 + Level 9.0 Bows
 - Level 1.6 Dodging
 - Level 0.8 Stealth


You had 7 spell levels left.
You didn't know any spells.
Your spell library contained the following spells:

 Spells                   Type           Power        Failure   Level  Hunger
 Beastly Appendage        Tmut           #.....       58%         1    ##.....
 Sticks to Snakes         Tmut           #.......     73%         2    ###....
 Confusing Touch          Hex            #.......     91%         3    ####...
 Gell's Gravitas          Tloc           #.........   91%         3    ####...
 Spider Form              Tmut/Pois      #.........   91%         3    ####...
 Ice Form                 Ice/Tmut       #.......     100%        4    #####..
 Petrify                  Tmut/Erth      #.......     100%        4    #####..
 Blade Hands              Tmut           #.........   100%        5    ######.
 Metabolic Englaciation   Hex/Ice        #.........   100%        5    ######.
 Yara's Violent Unravell  Hex/Tmut       #.........   100%        5    ######.


Dungeon Overview and Level Annotations

Branches:
Dungeon (7/15)
 Temple: D:4-7

Altars:
Cheibriados
Dithmenos
Fedhas
Hepliaklqana
Kikubaaqudgha
Nemelex Xobeh
Okawaru
Ru
Vehumet
Wu Jian
Yredelemnul
Zin

Shops:
D:5 [   D:6 %

Annotations:
D:4 vault derriere


Innate Abilities, Weirdness & Mutations

You have hooves in place of feet.
Armour fits poorly on your strangely shaped body.
You cover ground very quickly.
You have extremely tough skin. (AC +3)


Message History

The swamp worm bites you!!
You are too injured to fight recklessly!
You are too injured to fight recklessly!
You closely miss the swamp worm. Your kick misses the swamp worm.
The swamp worm is moderately wounded.
The swamp worm bites you!!
* * * LOW HITPOINT WARNING * * *
You miss the swamp worm.
The swamp worm is moderately wounded.
The swamp worm bites you!
* * * LOW HITPOINT WARNING * * *
The swamp worm bites you.
* * * LOW HITPOINT WARNING * * *
You fade into invisibility!
The swamp worm bites you but does no damage.
You are very lightly contaminated with residual magic.
You closely miss the swamp worm.
The swamp worm is moderately wounded.
The swamp worm bites you!
You die...

#.#.....# #.#.....#
.#....# #.#.....#
.#<.≈≈≈ #.#.....# .#.≈≈≈
#.#.....######## .≈≈≈≈
#.#............# ≈≈≈# #≈
#.#...)........+ ≈≈≈#≈≈≈
#.####.........##≈≈≈≈≈≈(
.....'..........@w≈P#
..####...#######.≈≈≈#
.........# #..≈≈≈≈#
.........# #####≈≈≈≈
.........# ≈≈≈
..####...# ## ###
#...########
###......g.##
##.######..#


You could see a swamp worm.

Vanquished Creatures
  A swamp worm (D:7)
  An ice beast (D:5)
  2 ogres (D:5)
  A phantom (D:6)
  A black bear (D:6)
  A centaur (D:7)
  Blork the orc (D:6)
  3 bullfrogs
  A gnoll sergeant (D:7)
  A wyvern zombie (D:6)
  A jelly (D:7)
  3 orc priests
  3 hounds
  3 orc wizards
  An iguana (D:4)
  4 worker ants
  2 hound zombies
  4 gnolls (D:5)
  A howler monkey skeleton (D:7)
  7 adders
  2 shadow imps
  3 worms
  6 leopard geckos
  15 orcs
  3 giant cockroaches
  3 goblins
  7 hobgoblins
  13 jackals
  10 kobolds
  2 quokkas
  2 ball pythons (D:3)
  4 bats
  8 frilled lizards
  A jackal zombie (D:7)
  5 rats
126 creatures vanquished.

Vanquished Creatures (others)
  3 plants (D:7)
3 creatures vanquished.

Grand Total: 129 creatures vanquished

Notes
Turn   | Place    | Note
-------+----------+-------------------------------------------
     0 | D:1      | mortelune the Centaur Hunter began the quest for the Orb.
     0 | D:1      | Reached XP level 1. HP: 17/17 MP: 1/1
   245 | D:1      | Reached XP level 2. HP: 24/24 MP: 2/2
  1453 | D:2      | Reached XP level 3. HP: 30/30 MP: 3/3
  1487 | D:2      | Found a radiant altar of Vehumet.
  1533 | D:2      | Reached skill level 1 in Polearms
  1686 | D:2      | Found an ornate altar of the Wu Jian Council.
  1779 | D:2      | Found a faded altar of an unknown god.
  1986 | D:3      | Found a sacrificial altar of Ru.
  2378 | D:3      | Found a sparkling altar of Nemelex Xobeh.
  2518 | D:3      | Reached XP level 4. HP: 31/37 MP: 4/4
  2620 | D:3      | Reached skill level 6 in Bows
  2820 | D:3      | Found a basalt altar of Yredelemnul.
  3542 | D:4      | Found a snail-covered altar of Cheibriados.
  4062 | D:4      | Reached XP level 5. HP: 39/45 MP: 5/5
  4601 | D:4      | Found a glowing silver altar of Zin.
  4942 | D:5      | Entered Level 5 of the Dungeon
  5007 | D:5      | Found Tuacak's Antique Armour Shoppe.
  5027 | D:5      | Reached XP level 6. HP: 51/51 MP: 6/6
  5044 | D:5      | Bought a runed ring mail for 189 gold pieces
  5277 | D:5      | Reached skill level 7 in Bows
  5673 | D:5      | Reached XP level 7. HP: 59/59 MP: 7/7
  6795 | D:5      | Found a blossoming altar of Fedhas.
  6796 | D:5      | Found an ancient bone altar of Kikubaaqudgha.
  7004 | D:6      | Noticed Blork the orc
  7082 | D:6      | Found Jipsiberphu's Food Shoppe.
  7091 | D:6      | Reached skill level 5 in Polearms
  7276 | D:6      | Killed Blork the orc
  7276 | D:6      | Reached skill level 8 in Bows
  7393 | D:6      | Reached XP level 8. HP: 50/67 MP: 8/8
  7644 | D:6      | Reached skill level 5 in Fighting
  7689 | D:6      | Found a shadowy altar of Dithmenos.
  8103 | D:7      | Found a hazy altar of Hepliaklqana.
  8258 | D:7      | Found an iron altar of Okawaru.
  8273 | D:7      | Became a worshipper of Warmaster Okawaru
  8661 | D:7      | Reached skill level 9 in Bows
  8769 | D:7      | HP: 3/70 [swamp worm (15)]
  8771 | D:7      | Mangled by a swamp worm

Levels and vault maps discovered:
D:1:      nzn_arrival_settlement, layout_basic
D:2:      layout_basic, fiery_altar_vehumet, lemuel_coloured_pillars_altar,
          chequers_ecumenical_altar_grove, minivault_25
D:3:      layout_basic, nicolae_overflow_crystal_walls, old_standard_altar,
          nicolae_ru_sacrificial_ziggurat
D:4:      layout_basic, cheibriados_altar_1, zin_scriptorium, first_ration,
          hex_intersection
D:5:      layout_cave_pools, grunt_temple_overflow_growth_and_decay,
          serial_shops, shop
D:6:      layout_rooms, grunt_dithmenos_smoke_and_mirrors, serial_shops,
          nicolae_shop_statue_plus, uniq_blork_the_orc
D:7:      cheibrodos_barr_body, layout_basic, lemuel_round_altar,
          elyvilon_altar_4, minmay_temple_entry_glass, serial_shops, shop,
          shop_statue, basic_altar, worms_lemuel

Skill      XL: |  1  2  3  4  5  6  7  8 |
---------------+-------------------------+-----
Polearms       | 1 2 3 4 5 6 |  6.9
Bows           | 6 7 8 9 |  9.0
Fighting       | 3 4 5 |  5.8
Dodging        | |  1.6
Stealth        | |  0.8

Action                   |  1- 3 |  4- 6 |  7- 9 || total
-------------------------+-------+-------+-------++-------
Melee: Short sword       |    34 |       |       ||    34
       Kick              |    19 |    22 |    37 ||    78
       Spear             |   140 |    80 |       ||   220
       Trident           |       |    39 |   168 ||   207
 Fire: Shortbow          |    15 |    54 |    52 ||   121
  Use: Scroll            |       |     4 |     8 ||    12
       Potion            |       |       |     1 ||     1
  Eat: Chunk             |     4 |     8 |     6 ||    18
       Ration            |       |       |     1 ||     1
Armor: Leather armour    |    38 |       |       ||    38
       Ring mail         |    20 |    35 |    71 ||   126
Dodge: Dodged            |    70 |    37 |    65 ||   172

Table legend:
 A = Non-vault XP
 B = Vault XP
 C = Vault XP percentage of total XP
 D = Non-vault monster count
 E = Vault monster count
 F = Vault count percentage of total count
                 A         B        C        D         E       F
            +---------+---------+-------+---------+---------+-------
      Total |    1931 |     472 |  19.6 |     121 |       5 |   4.0
            +---------+---------+-------+---------+---------+-------
        D:1 |      38 |       0 |   0.0 |      24 |       0 |   0.0
        D:2 |      14 |       0 |   0.0 |       7 |       0 |   0.0
        D:3 |      91 |       0 |   0.0 |      31 |       0 |   0.0
        D:4 |     208 |       0 |   0.0 |      10 |       0 |   0.0
        D:5 |     650 |       0 |   0.0 |      24 |       0 |   0.0
        D:6 |     643 |      91 |  12.4 |      17 |       1 |   5.6
        D:7 |     287 |     381 |  57.0 |       8 |       4 |  33.3
            +---------+---------+-------+---------+---------+-------
